Map: Orbital Shipyard

Players

LilDicky - Winner!

  • Race: Terran Terran
  • League: Diamond

Tglitch

  • Race: Zerg Zerg
  • League: Silver

VOD

http://www.twitch.tv/tumescentpie

Description

Time

  • Played on: Jan. 3, 2016, 4:01 p.m.
  • Length: 23:55
Show
View Real Time Build Order
Export as new Build Order

LilDicky Terran - Winner!

Build Orders: Command Center First (CC) 

Get SALT Encoding   

  12  0:03  SCV  
  13  0:18  SCV  
  13  0:20  Supply Depot  
  14  0:30  SCV  
  15  0:42  SCV  
  16  0:54  SCV  
  17  1:03  Command Center  
  17  1:06  SCV  
  18  1:19  Barracks  
  18  1:22  SCV  
  19  1:34  SCV  
  20  1:46  SCV  
  21  2:06  Marine  
  21  2:07  Orbital Command  
  22  2:09  Supply Depot  
  22  2:15  Orbital Command  
  22  2:24  Marine  
  23  2:36  Command Center  
  23  2:39  SCV  
  24  2:44  SCV, Refinery  
  24  2:45  Refinery  
  24  2:47  Marine  
  26  2:51  SCV  
  26  2:56  SCV  
  28  3:04  SCV  
  28  3:05  Marine  
  29  3:11  SCV  
  31  3:17  SCV  
  31  3:18  Refinery  
  31  3:19  Refinery  
  32  3:23  SCV  
  32  3:24  Command Center  
  33  3:29  SCV  
  34  3:34  Marine  
  34  3:35  SCV  
  36  3:41  Bunker  
  36  3:44  SCV  
  37  3:52  Marine  
  37  3:53  Factory  
  37  3:55  Factory  
  38  3:57  SCV  
  38  3:58  SCV  
  40  4:08  Orbital Command  
  40  4:09  SCV  
  41  4:33  Bunker  
  41  4:39  Factory Tech Lab  
  41  4:41  Factory Tech Lab, Engineering Bay, SCV x2  
  43  4:49  SCV, Supply Depot  
  44  4:53  SCV x2  
  44  4:54  Supply Depot  
  44  4:59  Starport x2  
  46  5:06  Engineering Bay  
  46  5:08  Marine  
  46  5:09  Planetary Fortress  
  46  5:11  SCV x3  
  50  5:15  Siege Tank  
  50  5:16  Widow Mine  
  55  5:22  Supply Depot  
  55  5:23  SCV x2  
  55  5:27  Marine  
  55  5:28  SCV  
  59  5:31  Hi-Sec Auto Tracking, Missile Turret  
  59  5:36  Viking  
  59  5:37  Starport Reactor  
  59  5:40  SCV  
  62  5:48  SCV  
  62  5:49  SCV x2  
  65  5:57  Infernal Pre-Igniter  
  65  5:59  Siege Tank  
  65  6:00  Siege Tank  
  71  6:06  Armory  
  71  6:09  Missile Turret x2  
  71  6:20  Viking x2  
  71  6:21  Starport Tech Lab  
  75  6:25  Command Center  
  75  6:27  SCV  
  75  6:31  SCV  
  77  6:37  Building Armor  
  77  6:57  Viking x2  
  77  7:00  Cloaking Field  
  81  7:02  Banshee  
  81  7:04  Refinery x2  
  84  7:19  Terran Vehicle And Ship Armor Level 1, Missile Turret  
  84  7:20  Missile Turret  
  84  7:23  Armory  
  84  7:36  Command Center x2  
  84  7:40  Missile Turret x3  
  84  7:47  Planetary Fortress  
  84  7:54  Missile Turret  
  84  7:56  Missile Turret  
  84  7:59  Siege Tank  
  84  8:00  Banshee, Siege Tank  
  84  8:03  Viking  
  95  8:13  Refinery x2  
  95  8:15  Terran Ship Weapons Level 1  
  95  8:23  Supply Depot  
  95  8:26  Missile Turret x2  
  95  8:29  Liberator x2  
  95  8:30  Liberator  
  95  8:33  Fusion Core  
  103  8:51  Hellion x2  
  103  8:53  SCV x3  
  103  8:54  SCV  
  111  9:10  Missile Turret  
  111  9:14  Missile Turret  
  111  9:19  Command Center  
  111  9:30  Planetary Fortress  
  111  9:32  Missile Turret  
  111  9:38  Supply Depot, Missile Turret  
  111  9:40  Supply Depot  
  105  9:50  Liberator x2  
  105  9:52  Missile Turret  
  105  10:06  Banshee  
  108  10:09  Terran Ship Weapons Level 2, Terran Vehicle And Ship Armor Level 2  
  114  10:18  Starport  
  114  10:19  Starport  
  114  10:20  Starport  
  108  10:25  Factory Reactor  
  108  10:28  Factory Reactor  
  108  10:33  Planetary Fortress, Refinery  
  108  10:49  Planetary Fortress  
  108  10:55  Missile Turret  
  108  11:09  Refinery  
  108  11:12  Refinery  
  108  11:14  Starport Reactor  
  108  11:22  Hellion  
  114  11:26  Banshee x3  
  119  11:42  Advanced Ballistics  
  119  11:43  Hyperflight Rotors  
  119  11:47  Missile Turret, Liberator x3  
  119  11:48  Liberator  
  119  11:51  Missile Turret  
  119  11:52  Liberator  
  119  11:57  Missile Turret x2  
  119  11:58  Missile Turret  
  119  12:07  Widow Mine x3  
  137  12:08  Widow Mine  
  137  12:09  Banshee  
  137  12:13  Factory  
  145  12:18  Refinery  
  145  12:19  Missile Turret  
  145  12:20  Missile Turret x2  
  145  12:22  Banshee  
  148  12:34  SCV  
  149  12:41  Command Center  
  149  12:45  Command Center  
  149  12:46  SCV  
  149  12:49  Liberator x2  
  150  12:52  Banshee  
  150  12:54  Corvid Reactor  
  153  12:58  SCV  
  153  13:00  Medivac x2  
  153  13:01  High Capacity Fuel Tanks  
  153  13:03  Raven  
  153  13:05  Raven  
  162  13:09  Hellion  
  162  13:10  SCV  
  171  13:13  Liberator x2  
  171  13:15  Explosive Shrapnel Shells, Missile Turret  
  171  13:17  Liberator  
  171  13:21  Factory Tech Lab  
  171  13:22  SCV  
  172  13:28  SCV  
  182  13:42  Hellion  
  182  13:45  Supply Depot  
  182  13:47  Hellion  
  182  13:48  Terran Vehicle And Ship Armor Level 3  
  184  13:53  Hellion x3  
  184  14:30  Planetary Fortress  
  184  14:37  Planetary Fortress, Supply Depot  
  184  15:01  Supply Depot  
  170  15:23  Supply Depot  
  170  16:03  Hellion x2  
  159  16:18  Banshee x2  
  159  16:19  Banshee  
  159  16:21  Hellion x3  
  159  16:24  Hellion x2  
  178  16:34  Missile Turret x3  
  178  16:52  Drilling Claws  
  176  17:01  Banshee x3  
  176  17:05  Starport  
  176  17:08  Refinery  
  185  17:10  Missile Turret  
  185  17:13  Refinery, Starport  
  183  17:16  Starport  
  183  17:20  Command Center  
  180  17:23  Refinery  
  180  17:24  Refinery  
  170  17:44  Banshee x2  
  135  18:47  Banshee x3  
  144  18:48  Starport Tech Lab x2  
  144  18:49  Starport Tech Lab  
  144  18:55  Command Center  
  144  19:30  Banshee  
  144  20:33  Banshee x3  
  144  20:37  Banshee x2  
  144  20:38  Banshee  
  144  20:39  Planetary Fortress  
  144  20:52  Command Center  
  144  21:16  Banshee  
  144  21:20  Banshee  
  144  23:01  Banshee x6  
Show
View Real Time Build Order
Export as new Build Order

Tglitch Zerg 

Build Orders: Hatch First, Lurkers 

Get SALT Encoding   

  12  0:01  Drone  
  13  0:12  Overlord  
  13  0:17  Drone  
  14  0:30  Drone x2  
  16  0:36  Drone  
  17  0:55  Hatchery  
  16  1:01  Drone  
  17  1:05  Extractor  
  16  1:20  Spawning Pool  
  16  1:21  Drone x2  
  16  1:23  Drone  
  18  1:40  Overlord  
  18  1:58  Drone x2  
  20  2:08  Queen  
  20  2:09  Queen  
  20  2:11  Metabolic Boost  
  20  2:13  Zergling x2  
  20  2:15  Zergling x2  
  27  2:22  Zergling x2  
  27  2:23  Drone  
  27  2:39  Drone x2, Zergling x2  
  30  2:46  Drone  
  30  2:47  Queen  
  33  2:54  Drone x2  
  35  3:03  Drone  
  35  3:04  Overlord  
  36  3:08  Spore Crawler  
  36  3:09  Spore Crawler  
  34  3:14  Spore Crawler  
  34  3:16  Spore Crawler  
  34  3:17  Drone x2  
  34  3:30  Queen  
  36  3:34  Drone x2  
  36  3:35  Drone x2  
  36  3:38  Drone  
  41  3:44  Overlord  
  41  3:45  Drone  
  41  3:47  Drone  
  43  3:56  Drone  
  43  3:58  Overlord  
  44  4:03  Drone  
  44  4:04  Drone x5  
  49  4:21  Hatchery  
  49  4:31  Drone x3, Overlord  
  49  4:32  Overlord, Drone x2  
  49  4:33  Drone  
  54  4:41  Zergling x4  
  54  4:42  Zergling x2  
  57  4:50  Extractor  
  56  4:53  Extractor  
  56  4:54  Extractor  
  56  4:56  Zergling x2  
  56  4:57  Zergling x4  
  57  5:00  Roach Warren  
  57  5:03  Evolution Chamber  
  57  5:06  Evolution Chamber  
  54  5:08  Zergling x4  
  56  5:18  Drone x4  
  60  5:33  Lair  
  60  5:36  Overlord  
  60  5:39  Drone  
  60  5:40  Roach x3  
  67  5:45  Drone  
  67  5:47  Queen  
  67  5:49  Drone x2  
  72  5:55  Zergling x6  
  75  6:15  Overlord x2, Roach x5  
  85  6:23  Drone, Extractor  
  85  6:24  Drone x2  
  85  6:25  Extractor  
  86  6:29  Ravager x3  
  89  7:04  Overlord x2  
  89  7:10  Glial Reconstitution  
  89  7:12  Zerg Missile Weapons Level 1  
  89  7:13  Zerg Ground Armor Level 1  
  89  7:22  Ravager x5  
  94  7:25  Drone x6  
  100  7:42  Roach x10  
  120  7:46  Overseer  
  120  7:52  Hydralisk Den  
  120  7:55  Roach  
  120  7:56  Overlord x3  
  121  8:07  Overlord x2  
  121  8:22  Roach x8  
  121  8:23  Lurker Den  
  137  8:28  Hydralisk  
  137  8:29  Hydralisk x2  
  143  8:44  Roach  
  143  8:45  Roach x6  
  157  8:57  Ravager x4  
  157  9:01  Overlord x3  
  157  9:02  Overlord  
  161  9:10  Infestation Pit  
  161  9:16  Hydralisk  
  162  9:18  Overlord x2  
  162  9:20  Overlord  
  162  9:22  Hydralisk x3  
  162  9:24  Zerg Missile Weapons Level 2  
  168  9:25  Zerg Ground Armor Level 2  
  119  9:52  Hydralisk  
  113  9:53  Hydralisk x9  
  113  9:55  Overseer x2  
  121  10:37  Lurker x5  
  126  10:46  Hive  
  126  11:10  Muscular Augments  
  126  11:12  Drone x2  
  126  11:13  Hydralisk  
  126  11:14  Hydralisk x2  
  126  11:15  Hydralisk  
  126  11:16  Lurker  
  137  11:24  Hydralisk x2  
  141  11:26  Hydralisk  
  143  11:59  Hatchery  
  142  12:06  Zerg Ground Armor Level 3  
  142  12:08  Zerg Missile Weapons Level 3, Ultralisk Cavern  
  141  12:22  Hydralisk x4, Roach x2  
  145  12:23  Hydralisk x3  
  145  12:25  Overlord x2  
  159  12:49  Viper  
  162  12:54  Chitinous Plating  
  162  13:01  Extractor  
  160  13:06  Ultralisk  
  166  13:13  Overseer  
  166  13:19  Ultralisk  
  172  13:23  Viper  
  175  13:37  Overseer  
  165  14:25  Pneumatized Carapace  
  165  14:28  Pathogen Glands  
  165  14:34  Adrenal Glands  
  165  14:39  Ultralisk  
  165  14:40  Viper  
  165  14:42  Zergling x4  
  165  14:43  Zerg Melee Weapons Level 1, Hydralisk, Zergling x6  
  165  14:44  Hydralisk x6  
  189  15:29  Overseer  
  189  15:30  Overseer  
  178  16:28  Roach x2  
  178  16:31  Zergling x2  
  178  16:32  Zergling x20  
  193  16:37  Overseer  
  193  16:38  Hatchery  
Tags
 
Add a new tag
Caveats
  • Supply blocks, unpowered buildings, or Contaminate may cause inaccurate times.
  • Supply counts are checked every 10 seconds.